AoeStats
← ĐẠI ĐÔ ĐỐC MẠNH ĐẠT

Arabia

517186124Analyzed
1v1 RM · 3d ago on Oct 29, 2026· 42m 41s· 2 players
Game mode
Random Map
Map size
Tiny (2 player)
Population
200
Speed
Normal
Resources
Standard
Victory
Conquest
Starting age
Dark Age
Ending age
Imperial Age
RankedLock teamsTeams togetherTeam positionsShared explorationLock speedFull tech treeHidden civsTurbo modeCheats
Victory
Defeat
1749
+22
vs
🇨🇳 Poles · China
1885
-22
Diamond
7:13 Loom
10:10 Feudal Age
10:34 Horse Collar
10:40 Double-Bit Axe
19:54 Bloodlines
20:40 Forging
23:45 Wheelbarrow
28:51 Castle Age
27:02 Fletching
28:27 Scale Barding Armor
29:07 Light Cavalry
30:37 Chain Barding Armor
31:19 Pikeman
36:15 Scale Mail Armor
37:54 Husbandry
40:22 Szlachta Privileges
ĐẠI ĐÔ ĐỐC MẠNH ĐẠT
6:17 Loom
8:54 Feudal Age
9:33 Double-Bit Axe
11:39 Fletching
19:29 Wheelbarrow
23:05 Castle Age
21:30 Padded Archer Armor
23:43 Bodkin Arrow
30:38 Ballistics
35:49 Horse Collar
39:16 Bow Saw
42:01 Hand Cart
Connection lost

Rejoining the realm…

Still unreachable

The connection could not be restored.

Session expired

The server has moved on; the page needs a fresh start.